 Dungeon Crawl Stone Soup version 0.30-a0-23-ge60ba3568b (webtiles) character file.

Game seed: 5507727075009706745

27473 Steak the Severer (level 13, -9/114 HPs)
             Began as a Minotaur Berserker on Aug 25, 2022.
             Was a High Priest of Trog.
             Killed from afar by Nikola (31 damage)
             ... with an arc of chain lightning
             ... on level 1 of the Shoals.
             The game lasted 01:38:43 (7897 turns).

Steak the Severer (Minotaur Berserker)              Turns: 7897, Time: 01:38:44

Health: -9/114     AC: 16    Str: 24    XL:     13   Next: 4%
Magic:  12/12      EV:  8    Int:  4    God:    Trog [*****.]
Gold:   531        SH: 22    Dex: 19    Spells: 12/12 levels left

rFire   . . .      SeeInvis +    c - +14 obsidian axe {vorpal, Mesm Drain Fly SInv}
rCold   . . .      Faith    .    u - +4 tower shield
rNeg    . . .      Spirit   .    b - +0 chain mail
rPois   .          Reflect  .    (helmet restricted)
rElec   +          Harm     .    (no cloak)
rCorr   .          Rampage  .    (no gloves)
Will    .....                    (no boots)
Stlth   ..........               a - amulet of regeneration
HPRegen 1.09/turn                y - ring "Agolinif" {rElec Dex+6}
MPRegen 0.13/turn                h - +4 ring of protection

@: on berserk cooldown, flying, mesmerised, slowed, very slow
A: horns 2, retaliatory headbutt
a: Renounce Religion, Berserk, Trog's Hand, Brothers in Arms


You were on level 1 of the Shoals.
You worshipped Trog.
Trog was extremely pleased with you.
You visited 4 branches of the dungeon, and saw 13 of its levels.
You also visited: Sewer.

You collected 575 gold pieces.
You spent 44 gold pieces at shops.

Inventory:

Hand Weapons
 c - the +14 obsidian axe (weapon) {vorpal, Mesm Drain Fly SInv}
   (You acquired it on level 4 of the Dungeon)

   It inflicts extra damage upon your enemies.
   It occasionally summons demons to assist the wielder when it strikes in
   combat.
   Its wielder is mesmerised by any visible foes.
   It cannot be unequipped while any foes are visible.
   SInv:      It lets you see invisible.
   Fly:       It grants you flight.
   Drain:     It drains your maximum health when unequipped.
 f - a +0 sling
 C - a +5 antimagic broad axe
Missiles
 q - 63 stones (quivered)
Armour
 b - a +0 chain mail (worn)
 u - a +4 tower shield (worn)
 G - a +0 cloak
Jewellery
 a - an amulet of regeneration (around neck)
 h - a +4 ring of protection (right hand)
 p - the ring "Buinn" {rPois rCorr Int+2}
   (You found it on level 7 of the Dungeon)

   [ring of resist corrosion]

   Int:       It affects your intelligence (+2).
   rPois:     It protects you from poison.
   rCorr:     It protects you from acid and corrosion.
 v - a ring of protection from cold
 y - the ring "Agolinif" (left hand) {rElec Dex+6}
   (You found it on level 6 of the Dungeon)

   [ring of dexterity]

   Dex:       It affects your dexterity (+6).
   rElec:     It insulates you from electricity.
Scrolls
 g - 4 scrolls of fog
 j - 2 scrolls of blinking
 m - 6 scrolls of teleportation
 n - a scroll of fear
 r - 3 scrolls of torment
 w - a scroll of poison
 x - a scroll of immolation
 A - 2 scrolls of identify
 D - a scroll of magic mapping
Potions
 d - a potion of attraction {unknown}
 e - a potion of mutation {unknown}
 i - a potion of invisibility {unknown}
 k - a potion of heal wounds
 l - a potion of ambrosia {unknown}
 o - 2 potions of cancellation {unknown}
 s - 2 potions of brilliance
 t - 6 potions of curing
 z - a potion of flight {unknown}
 B - 2 potions of haste {unknown}
 E - 2 potions of resistance {unknown}
 F - 2 potions of might {unknown}


   Skills:
 + Level 10.7 Fighting
 + Level 17.8(17.9) Axes
 + Level 1.4(11.8) Polearms
 + Level 11.1 Armour
 + Level 4.4 Dodging
 + Level 2.8 Stealth
 + Level 11.7 Shields


You had 12 spell levels left.
You didn't know any spells.
Your spell library contained the following spells:

 Spells                   Type           Power      Damage    Failure   Level
 Beastly Appendage        Tmut           0%         N/A       100%        1
 Poisonous Vapours        Pois/Air       0%         N/A       100%        2
 Wereblood                Tmut           0%         N/A       100%        2
 Spider Form              Tmut/Pois      0%         N/A       100%        3
 Corpse Rot               Necr/Pois/Air  0%         N/A       100%        4


Dungeon Overview and Level Annotations

Branches:
Dungeon (8/15)             Temple (1/1) D:7            Lair (3/5) D:8
 Shoals (1/4) Lair:3        Snake (0/4) Lair:3        Sewer (visited)

Altars:
Ashenzari
Cheibriados
Dithmenos
Elyvilon
Fedhas
Gozag
Hepliaklqana
Kikubaaqudgha
Makhleb
Nemelex Xobeh
Okawaru
Qazlal
Ru
Trog
Uskayaw
Vehumet
Wu Jian
Xom
Yredelemnul
Zin
The Shining One

Shops:
D:1 [

Annotations:
Temple 2 transporters
Shoals:1 Nikola


Innate Abilities, Weirdness & Mutations

You have a pair of horns on your head.
You reflexively headbutt those who attack you in melee.


Message History

You break out of your daze!
You kill Donald!
Trog accepts your kill.
Trog appreciates your killing of a magic user.
Visions of slaying Nikola flood into your mind.
You have reached level 13!
You cannot move away from Nikola!
You swap places.
You feel a strong urge to attack something.
Nikola casts a spell.
Nikola blinks!
You are no longer berserk.
You are exhausted.
You feel yourself slow down.
You are no longer entranced.
You feel much better.
Press: ? - help, v - describe, . - travel, g - get item
Items here: ) [[ †.
The floor, spattered with blood.
You swap places.
Visions of slaying Nikola flood into your mind.
You swap places.
You are no longer entranced.
Your neqoxec gestures at Nikola.
Nikola twists and deforms.
Visions of slaying Nikola flood into your mind.
Your neqoxec disappears in a puff of smoke!
A merfolk avatar comes into view.
Nikola gestures wildly while chanting.
Lightning arcs from Nikola's hands!
The bolt of lightning hits you!!! You resist.
* * * LOW HITPOINT WARNING * * *
A bolt of lightning appears from out of thin air!
The bolt of lightning hits Nikola!
You hear an angry hiss.
You hear a screech!
You hear an angry hiss.
You hear a shout!
Nikola gestures wildly while chanting.
Lightning arcs from Nikola's hands!
The bolt of lightning hits you!! You resist.
You die...

..~~~....~~~~~~≈≈≈≈≈
~..##~~~~.##~~~~~~~~≈≈≈≈
~~~.#.~~~~.#.~~~~..~~~≈≈≈
~~~~~~~~~~~~~~~~...~~~~≈≈
~~~~~~~~~~~~..~......~~≈≈
~~~~~~~~~~~~..~.##...~~≈≈
~~~~~~~~@~~~~...##..<~~≈≈
~~~~~~...~~~~..###~..~~≈≈
~~m~~~.#@§.~~~~~~~~~~~~≈≈
~~~~~~.....~~~~~~~~~.~~≈≈
.........).~~~~~~~~~~~~≈≈
..####...##~~~~≈≈~~~~~≈≈≈
#.)##.~~~~≈≈≈≈≈≈≈≈≈≈ #...
.~~~≈≈≈≈≈≈≈≈≈≈≈ #..~
~~~~≈≈≈≈≈ #... ~~~≈≈≈≈
#P... ≈≈≈≈


You could see Nikola (mesmerising, misshapen).

Vanquished Creatures
  Rupert (Lair:3)
  Donald (Shoals:1)
  The ghost of siradein the Grappler, a journeyman TrFi (Lair:2)
  2 hydras (Lair:2)
  A boulder beetle (Lair:2)
  3 death yaks (Lair:3)
  5 elephants (Lair:2)
  4 cane toads
  A black mamba (Lair:3)
  8 komodo dragons
  2 rime drakes
  2 polar bears
  Prince Ribbit (D:7)
  A blink frog (Lair:2)
  3 wyverns (Lair:2)
  10 yaks
  A basilisk (Lair:3)
  4 humans (D:6)
  2 steam dragons
  2 nagas (Lair:3)
  4 water moccasins
  A black bear (D:8)
  An orc warrior (D:6)
  2 ogres
  4 centaurs
  6 wolves (Lair:1)
  A phantom (D:5)
  4 kobold brigands
  A necrophage (D:6)
  7 bullfrogs
  4 scorpions
  An electric eel (Lair:2)
  4 orc priests
  A hound (D:5)
  A gnoll bouda (D:7)
  3 iguanas
  3 orc wizards
  Robin (D:2)
  11 adders
  13 gnolls
  2 river rats (Sewer)
  A shadow imp (D:8)
  4 white imps
  3 ufetubi
  A worm (D:2)
  4 dart slugs
  10 orcs
  7 ball pythons
  2 bats
  6 endoplasms
  3 giant cockroaches
  15 goblins
  7 hobgoblins
  9 jackals
  6 quokkas
  4 frilled lizards
  18 kobolds
  8 rats
238 creatures vanquished.

Vanquished Creatures (collateral kills)
  Gastronok (Lair:3)
  3 death yaks (Lair:3)
  An elephant (Lair:2)
  2 cane toads
  A rime drake (Lair:3)
  A komodo dragon (Lair:1)
  A polar bear (Lair:2)
  2 blink frogs (Lair:2)
  A dream sheep (Lair:3)
  A human (D:6)
  3 yaks (Lair:2)
  A basilisk (Lair:3)
  2 steam dragons
  Menkaure (D:6)
  A naga (Lair:3)
  5 water moccasins
  Duvessa (D:6)
  5 black bears
  A wolf (Lair:1)
  An ogre (D:6)
  A kobold brigand (D:7)
  6 bullfrogs
  A necrophage (D:4)
  Dowan (D:6)
  2 hounds
  2 orc wizards
  An ufetubus (D:4)
  4 orcs
  A giant cockroach (D:4)
  4 kobolds (D:7)
  A bush (Lair:2)
  A fungus (D:8)
60 creatures vanquished.

Vanquished Creatures (others)
  32 fungi
  50 plants
82 creatures vanquished.

Grand Total: 380 creatures vanquished

Notes
Turn   | Place    | Note
-------+----------+-------------------------------------------
     0 | D:1      | Steak the Minotaur Berserker began the quest for the Orb.
     0 | D:1      | Reached XP level 1. HP: 19/19 MP: 0/0
    38 | D:1      | Found a faded altar of an unknown god.
   180 | D:1      | Reached skill level 4 in Axes
   201 | D:1      | Reached XP level 2. HP: 24/27 MP: 1/1
   830 | D:1      | Found Sicsel's Armour Shop.
   834 | D:1      | Bought a +0 scale mail for 44 gold pieces
  1063 | D:2      | Reached XP level 3. HP: 33/33 MP: 2/2
  1301 | D:2      | Found a bloodstained altar of Trog.
  1330 | D:2      | Noticed Robin
  1336 | D:2      | Reached ** piety under Trog
  1341 | D:2      | Reached XP level 4. HP: 30/41 MP: 3/3
  1344 | D:2      | Killed Robin
  1802 | D:2      | Reached skill level 5 in Axes
  1844 | D:2      | Reached skill level 1 in Polearms
  1858 | D:2      | Reached XP level 5. HP: 33/47 MP: 4/4
  2376 | D:3      | Found a glowing drain.
  2390 | Sewer    | Entered a sewer
  2452 | Sewer    | Reached skill level 1 in Shields
  2523 | Sewer    | Reached skill level 5 in Fighting
  2523 | Sewer    | Reached XP level 6. HP: 50/56 MP: 5/5
  2561 | Sewer    | Reached *** piety under Trog
  2604 | Sewer    | Reached skill level 6 in Axes
  3104 | D:3      | Found a blossoming altar of Fedhas.
  3369 | D:4      | Reached XP level 7. HP: 61/61 MP: 6/6
  3393 | D:4      | Identified a scroll of acquirement
  3393 | D:4      | Acquired the +14 obsidian axe {vorpal, Mesm Drain Fly SInv}
  3393 | D:4      | Found the +14 obsidian axe {vorpal, Mesm Drain Fly SInv}
  3585 | D:4      | Reached skill level 5 in Armour
  3905 | D:5      | Entered Level 5 of the Dungeon
  3940 | D:5      | Reached skill level 7 in Axes
  3940 | D:5      | Reached skill level 1 in Stealth
  3973 | D:5      | Reached **** piety under Trog
  4215 | D:5      | Reached XP level 8. HP: 65/70 MP: 7/7
  4694 | D:6      | Reached skill level 8 in Axes
  4719 | D:6      | Reached skill level 9 in Axes
  4722 | D:6      | Noticed an orange demon
  4723 | D:6      | Reached skill level 5 in Shields
  4751 | D:6      | Identified the ring "Agolinif" {rElec Dex+6}
  4758 | D:6      | Noticed Duvessa
  4768 | D:6      | Killed Duvessa
  4769 | D:6      | Reached skill level 10 in Axes
  4771 | D:6      | Noticed Dowan
  4777 | D:6      | Killed Dowan
  4791 | D:6      | Reached XP level 9. HP: 45/78 MP: 8/8
  4861 | D:6      | Noticed Menkaure
  4862 | D:6      | Reached skill level 11 in Axes
  4867 | D:6      | Killed Menkaure
  5501 | D:7      | Reached skill level 12 in Axes
  5515 | D:7      | Noticed Prince Ribbit
  5523 | D:7      | Killed Prince Ribbit
  5527 | D:7      | Found a staircase to the Ecumenical Temple.
  5538 | Temple   | Entered the Ecumenical Temple
  5538 | Temple   | Found a transporter.
  5538 | Temple   | Found a transporter.
  5540 | Temple   | Found a transporter.
  5540 | Temple   | Found a transporter.
  5724 | D:7      | Found an ornate altar of the Wu Jian Council.
  5783 | D:7      | Identified the ring "Buinn" {rPois rCorr Int+2}
  5837 | D:7      | Reached ***** piety under Trog
  6102 | D:8      | Found a staircase to the Lair.
  6107 | D:8      | Reached XP level 10. HP: 86/86 MP: 9/9
  6114 | D:8      | Noticed an orange demon
  6144 | Lair:1   | Entered Level 1 of the Lair of Beasts
  6156 | Lair:1   | Reached skill level 13 in Axes
  6201 | Lair:1   | Noticed a cane toad
  6206 | Lair:1   | Killed a cane toad
  6526 | Lair:1   | Noticed a cane toad
  6531 | Lair:1   | Killed a cane toad
  6534 | Lair:1   | Reached skill level 14 in Axes
  6625 | Lair:2   | Reached XP level 11. HP: 91/94 MP: 10/10
  6722 | Lair:2   | Received a gift from Trog
  6723 | Lair:2   | Reached skill level 15 in Axes
  6852 | Lair:2   | Found a runed translucent gate.
  6852 | Lair:2   | Found a runed translucent gate.
  6852 | Lair:2   | Found a runed translucent gate.
  6852 | Lair:2   | Noticed siradein's ghost (journeyman TrFi)
  6852 | Lair:2   | Noticed a 12-headed hydra
  6876 | Lair:2   | Killed a 14-headed hydra
  6877 | Lair:2   | Reached skill level 16 in Axes
  6877 | Lair:2   | Reached skill level 10 in Shields
  6879 | Lair:2   | Killed siradein's ghost
  6996 | Lair:2   | Noticed a seven-headed hydra
  7002 | Lair:2   | Killed a ten-headed hydra
  7003 | Lair:2   | Reached XP level 12. HP: 54/105 MP: 11/11
  7109 | Lair:2   | Noticed a boulder beetle
  7115 | Lair:2   | Killed a boulder beetle
  7268 | Lair:3   | Found a staircase to the Shoals.
  7303 | Lair:3   | Reached skill level 10 in Armour
  7319 | Lair:3   | Found a staircase to the Snake Pit.
  7324 | Lair:3   | Noticed Rupert
  7342 | Lair:3   | Killed Rupert
  7415 | Lair:3   | Noticed Gastronok
  7435 | Lair:3   | Killed Gastronok
  7436 | Lair:3   | Reached skill level 10 in Fighting
  7436 | Lair:3   | Reached skill level 17 in Axes
  7493 | Lair:3   | Noticed a death yak
  7493 | Lair:3   | Noticed a death yak
  7493 | Lair:3   | Noticed a death yak
  7493 | Lair:3   | Noticed a death yak
  7495 | Lair:3   | Noticed a death yak
  7497 | Lair:3   | Noticed a death yak
  7499 | Lair:3   | Killed a death yak
  7501 | Lair:3   | Killed a death yak
  7516 | Lair:3   | Killed a death yak
  7517 | Lair:3   | Killed a death yak
  7522 | Lair:3   | Killed a death yak
  7524 | Lair:3   | Killed a death yak
  7857 | Shoals:1 | Entered Level 1 of the Shoals
  7864 | Shoals:1 | Identified the +1 pair of gloves of the Meadowlark {Int+2}
  7864 | Shoals:1 | Noticed Nikola
  7867 | Shoals:1 | Noticed Donald
  7883 | Shoals:1 | Killed Donald
  7884 | Shoals:1 | Reached XP level 13. HP: 20/114 MP: 12/12
  7897 | Shoals:1 | Killed from afar by Nikola

Illustrated notes

Levels and vault maps discovered:
D:1:      scummos_arrival_star, layout_loops_corners,
          chequers_ecumenical_altar_grove, serial_shops, shop,
          minmay_pentomino_p4
D:2:      layout_basic, basic_altar, uniq_robin
D:3:      layout_basic, mainiacjoe_overflow_concentric_impassable,
          portal_sewer_entry_b
D:4:      layout_cave_pods
D:5:      layout_loops_ring, minivault_14, kennysheep_cross_bottleneck,
          due_unseen_surprise
D:6:      layout_rooms, nrook_mini_vaults, serial_bayou_pond_e, minmay_ruffians,
          uniq_duvessa, uniq_menkaure
D:7:      layout_basic, overflow_temple_1_default, minmay_temple_entry_slanted,
          uniq_prince_ribbit1
D:8:      nzn_winding_woodlands_small [nzn_winding_woodlands_5x15_pool,
          nzn_winding_woodlands_center_diamonds,
          nzn_winding_woodlands_5x15_split_checker], layout_layer_cave,
          due_lair_maze_entry_diamond, special_room [special_room_orc],
          grunt_ministairs_13
Temple:   hellmonk_temple_divided_pantheon
Lair:1:   layout_chaotic_city, beast_lair_carwin_4, grunt_megastairs_4
Lair:2:   layout_loops_ring, gammafunk_ghost_hydra_chop, serial_bayou_pond_d,
          infiniplex_staircase_pool
Lair:3:   layout_gridlike, minmay_shoals_entry_centaurs,
          guppyfry_snake_entry_island, beast_lair_carwin_6,
          serial_bayou_shore_b, uniq_gastronok, uniq_rupert
Shoals:1: layout_shoals, nicolae_shoals_lost_giant_amphitheater, uniq_nikola,
          uniq_donald

Skill      XL: |  1  2  3  4  5  6  7  8  9 10 11 12 |
---------------+-------------------------------------+-----
Axes           | 4 5 6 7 10 12 14 16 17 | 17.8
Fighting       | 4 5 6 7 8 9 10 | 10.7
Armour         | 3 4 5 6 7 8 9 11 | 11.1
Polearms       | 1 |  1.4
Shields        | 1 2 4 5 6 8 10 11 | 11.7
Stealth        | 1 2 |  2.8
Dodging        | 3 4 |  4.4

Action                   |  1- 3 |  4- 6 |  7- 9 | 10-12 | 13-15 || total
-------------------------+-------+-------+-------+-------+-------++-------
Melee: Hand axe          |    65 |   193 |     2 |       |       ||   260
       Headbutt          |    12 |    37 |    17 |    44 |       ||   110
       Spear             |     9 |       |       |       |       ||     9
       Broad axe         |       |       |   111 |   178 |       ||   289
Invok: Berserk           |       |       |     1 |     4 |       ||     5
       Trog's Hand       |       |       |       |     1 |       ||     1
  Use: Scroll            |     6 |     4 |    12 |       |       ||    22
       Potion            |       |       |       |     1 |     1 ||     2
 Stab: Sleeping          |     1 |       |       |       |       ||     1
       Distracted        |       |       |       |     4 |       ||     4
Armor: Animal skin       |     1 |       |       |       |       ||     1
       Leather armour    |     3 |       |       |       |       ||     3
       Scale mail        |     4 |       |       |       |       ||     4
       Chain mail        |     5 |    73 |    22 |    34 |       ||   134
Dodge: Dodged            |    32 |    40 |    13 |    31 |       ||   116
Block: Tower shield      |       |    64 |    84 |   153 |       ||   301

Table legend: (Time is in decaauts)
 A = Elapsed time spent in this place.
 B = Non-inter-level travel time spent in this place.
 C = Inter-level travel time spent in this place.
 D = Time resting spent in this place.
 E = Time spent auto-exploring this place.
 F = Levels seen in this place.
 G = Mean time per level.
                   A        B        C        D        E       F      G
               +--------+--------+--------+--------+--------+-----+--------+
         Total |   8125 |   7649 |    476 |    420 |    313 |  14 |  580.4 |
       Dungeon |   5835 |   5359 |    476 |    325 |    267 |   8 |  729.4 |
        Temple |     58 |     58 |      0 |      0 |      0 |   1 |   58.0 |
          Lair |   1758 |   1758 |      0 |     95 |     46 |   3 |  586.0 |
        Shoals |     41 |     41 |      0 |      0 |      0 |   1 |   41.0 |
         Sewer |    431 |    431 |      0 |      0 |      0 |   1 |  431.0 |
               +--------+--------+--------+--------+--------+-----+--------+

Top non-repeatable levels by time:
     D:2: 1145 daAuts
     D:1: 1019 daAuts
     D:6: 846 daAuts
     D:3: 841 daAuts
     D:5: 743 daAuts
  Lair:2: 654 daAuts
  Lair:3: 628 daAuts
     D:4: 602 daAuts
     D:7: 578 daAuts
  Lair:1: 474 daAuts
   Sewer: 431 daAuts
  Temple: 58 daAuts
     D:8: 58 daAuts
Shoals:1: 41 daAuts
